 Dungeon Crawl Stone Soup version 0.28.0-53-g5a82cb258f (webtiles) character file.

Game seed: 3192926476032345006

6 Sin92 the Skirmisher (level 1, -2/18 HPs)
             Began as a Demonspawn Fighter on June 5, 2022.
             Frozen to death by an endoplasm (3 damage)
             ... on level 1 of the Dungeon.
             The game lasted 00:00:26 (137 turns).

Sin92 the Skirmisher (Demonspawn Fighter)            Turns: 137, Time: 00:00:26

Health: -2/18      AC:  6    Str: 16    XL:     1   Next: 75%
Magic:  1/1        EV:  8    Int:  9    God:
Gold:   15         SH:  4    Dex: 12    Spells: 0/0 levels left

rFire   . . .      SeeInvis .   a - +0 war axe
rCold   . . .      Faith    .   c - +0 buckler
rNeg    . . .      Spirit   .   b - +0 scale mail
rPois   .          Reflect  .   (no helmet)
rElec   .          Harm     .   (no cloak)
rCorr   .          Rampage  .   (no gloves)
Will    .....                   (no boots)
Stlth   ..........              e - amulet of the acrobat
HPRegen 0.06/turn               (no ring)
MPRegen 0.07/turn               (no ring)

@: no status effects
A: no striking features
a: no special abilities


You were on level 1 of the Dungeon.
You visited 1 branch of the dungeon, and saw 1 of its levels.

You collected 15 gold pieces.

Inventory:

Hand Weapons
 a - a +0 war axe (weapon)
Armour
 b - a +0 scale mail (worn)
 c - a +0 buckler (worn)
Jewellery
 e - an amulet of the acrobat (around neck)
Scrolls
 f - a scroll of identify {unknown}
Potions
 d - 2 potions of might


   Skills:
 + Level 3.0 Fighting
 * Level 2.0 Axes
 + Level 2.7 Armour
 + Level 0.2 Dodging
 + Level 2.7 Shields


You couldn't memorise any spells.
You didn't know any spells.
Your spell library contained the following spells:

 Spells                   Type           Power      Damage    Failure   Level
 Sublimation of Blood     Necr           0%         N/A       96%         2
 Petrify                  Tmut/Erth      0%         N/A       100%        4
 Irradiate                Conj/Tmut      0%         3d14      100%        5


Dungeon Overview and Level Annotations

Branches:
Dungeon (1/15)

Altars:


Message History

You barely miss the goblin. The goblin barely misses you.
A ball python comes into view.
The goblin hits you but does no damage.
Unknown command.
There are monsters nearby!
The ball python hisses angrily.
You hit the goblin.
The goblin is moderately wounded.
The goblin hits you but does no damage. The endoplasm freezes you.
You are frozen.
Unknown command.
There are monsters nearby!
You are too injured to fight recklessly!
Unknown command.
There are monsters nearby!
You are too injured to fight recklessly!
Unknown command.
There are monsters nearby!
You are too injured to fight recklessly!
Unknown command.
There are monsters nearby!
You are too injured to fight recklessly!
You hit the goblin.
The goblin is severely wounded.
You hit the endoplasm. The goblin hits you but does no damage.
The endoplasm hits you.
You completely miss the goblin.
The goblin is severely wounded.
You hit the endoplasm. You hit the giant cockroach.
The giant cockroach bites you.
* * * LOW HITPOINT WARNING * * *
The goblin hits you but does no damage. The endoplasm freezes you.
You are frozen.
* * * LOW HITPOINT WARNING * * *
The giant cockroach barely misses you. The goblin hits you but does no damage.
The endoplasm freezes you.
You are frozen.
You die...

### ### ...... ..... .#
# #.#.# #.#.# #.##.#.#
# #.#.# #.#....##.##
##.#.# #...S.......
#####....######JgB.#
...#.....##...##@#.#
##...............#..#
.......................
#.................#.#..
#...................#
.#
#.#...................
.
...#.....##...##...###
.).......###.###.###
...###.#.# #.# ..


You could see an endoplasm, a giant cockroach, a goblin and a ball python.

Vanquished Creatures
  A goblin (D:1)
  A kobold (D:1)
  3 bats (D:1)
  A frilled lizard (D:1)
6 creatures vanquished.

Vanquished Creatures (others)
  5 demonic plants (D:1)
  3 fungi (D:1)
  4 plants (D:1)
  2 withered plants (D:1)
14 creatures vanquished.

Grand Total: 20 creatures vanquished

Notes
Turn   | Place    | Note
-------+----------+-------------------------------------------
     0 | D:1      | Sin92 the Demonspawn Fighter began the quest for the Orb.
     0 | D:1      | Reached XP level 1. HP: 18/18 MP: 1/1
    21 | D:1      | Found a faded altar of an unknown god.
   137 | D:1      | Frozen to death by an endoplasm

Illustrated notes

Levels and vault maps discovered:
D:1:      eino_arrival_druids_welcome, layout_loops_ring,
          shapermc_ecumenical_altar_gd, st_stairs_8, grunt_decor_one_mirror

Skill      XL: |  1 |
---------------+----+-----
Axes           | 2 |  2.0
Fighting       | |  3.0
Armour         | |  2.7
Dodging        | |  0.2
Shields        | |  2.7

Action                   || total
-------------------------++-------
Melee: War axe           ||    25
Armor: Scale mail        ||    18
Dodge: Dodged            ||    17
Block: Buckler           ||     7
